 Dungeon Crawl Stone Soup version 0.29-a0-551-gffc1d7fb78 (webtiles) character file.

Game seed: 1277727079211353789

2 shadowstone the Shield-Bearer (level 1, -1/14 HPs)
             Began as a Gargoyle Fighter on June 5, 2022.
             Slain by a jackal (2 damage)
             ... on level 1 of the Dungeon.
             The game lasted 00:00:13 (28 turns).

shadowstone the Shield-Bearer (Gargoyle Fighter)      Turns: 28, Time: 00:00:13

Health: -1/14      AC:  9    Str: 19    XL:     1   Next: 40%
Magic:  1/1        EV:  9    Int:  8    God:
Gold:   0          SH:  4    Dex:  9    Spells: 0/0 levels left

rFire   . . .      SeeInvis .   a - +0 long sword
rCold   . . .      Faith    .   c - +0 buckler
rNeg    + . .      Spirit   .   b - +0 scale mail
rPois   ∞          Reflect  .   (no helmet)
rElec   +          Harm     .   (no cloak)
rCorr   .          Rampage  .   (no gloves)
Will    .....                   (no boots)
Stlth   ..........              (no amulet)
HPRegen 0.04/turn               (no ring)
MPRegen 0.07/turn               (no ring)

@: no status effects
A: sickness immunity, AC +2, negative energy resistance 1, electricity
resistance, torment resistance 1, petrification resistance
a: no special abilities


You were on level 1 of the Dungeon.
You visited 1 branch of the dungeon, and saw 1 of its levels.

Inventory:

Hand Weapons
 a - a +0 long sword (weapon)
Armour
 b - a +0 scale mail (worn)
 c - a +0 buckler (worn)
Potions
 d - a potion of might


   Skills:
 + Level 3.3 Fighting
 + Level 1.7 Long Blades
 + Level 3.3 Armour
 + Level 3.3 Shields


You couldn't memorise any spells.
You didn't know any spells.
Your spell library was empty.

Dungeon Overview and Level Annotations

Branches:
Dungeon (1/15)

Altars:


Innate Abilities, Weirdness & Mutations

You are immune to sickness and miasma.
Your stone body is resilient. (AC +2)
You are immune to poison.
You resist negative energy. (rN+)
You are resistant to electric shocks. (rElec)
You are resistant to unholy torment.
You are immune to petrification.


Message History

You see here a +0 leather armour.
You completely miss the jackal.
The jackal barks!
You hear a shout!
The jackal bites you but does no damage.
The jackal bites you.
You barely miss the jackal.
A bat comes into view.
You block the jackal's attack. The jackal barely misses you.
The bat moves out of view.
The jackal bites you but does no damage.
The jackal barely misses you.
The hobgoblin hits you but does no damage.
The jackal barely misses you.
You hit the gnoll.
The gnoll is lightly wounded.
The jackal closely misses you. The jackal bites you.
The hobgoblin hits you but does no damage.
The gnoll hits you but does no damage.
The jackal bites you but does no damage. x3
You slash the gnoll!
The gnoll is severely wounded.
The jackal bites you but does no damage.
The jackal closely misses you. The jackal bites you.
The hobgoblin hits you but does no damage.
The gnoll barely misses you.
The jackal bites you but does no damage.
The hobgoblin hits you but does no damage.
The jackal bites you but does no damage.
A hobgoblin comes into view.
The jackal closely misses you. The gnoll hits you but does no damage.
The jackal bites you but does no damage.
You barely miss the gnoll.
The gnoll is severely wounded.
The jackal bites you but does no damage. x2
The jackal closely misses you. You block the jackal's attack.
The gnoll hits you with a +0 club.
* * * LOW HITPOINT WARNING * * *
The hobgoblin barely misses you. The jackal closely misses you. x2
The jackal bites you.
You die...

... #....# ♣.♣ # #....#
♣⌠♣ #.##
###.#.$♣♣♣♣♣.♣♣♣♣♣ .)..
.........⌠.<.⌠...
#..####....♣♣♣♣♣.♣♣♣♣♣ #
#........# ♣⌠♣
....#.h......##♣♣♣.♣♣♣##
#..bg@h...............
....#.ghh...####.#######
# #..r.##......#
#......#..######
........#.## #..........
#..g#...... #.#.#.....#


You could see a gnoll, a quokka, 4 jackals, 2 hobgoblins and a bat.

Vanquished Creatures
  2 endoplasms (D:1)
2 creatures vanquished.

Notes
Turn   | Place    | Note
-------+----------+-------------------------------------------
     0 | D:1      | shadowstone the Gargoyle Fighter began the quest for the
                  | Orb.
     0 | D:1      | Reached XP level 1. HP: 14/14 MP: 1/1
    28 | D:1      | Slain by a jackal

Illustrated notes

Levels and vault maps discovered:
D:1:      scummos_arrival_forest, layout_rooms, chequers_serial_rivers_micro_e,
          minmay_tetromino_t4

Action                   || total
-------------------------++-------
Melee: Long sword        ||    10
Armor: Scale mail        ||    19
Dodge: Dodged            ||    12
Block: Buckler           ||     2

Table legend: (Time is in decaauts)
 A = Elapsed time spent in this place.
 B = Non-inter-level travel time spent in this place.
 C = Inter-level travel time spent in this place.
 D = Time resting spent in this place.
 E = Time spent auto-exploring this place.
 F = Levels seen in this place.
 G = Mean time per level.
                   A        B        C        D        E       F      G
               +--------+--------+--------+--------+--------+-----+--------+
         Total |     31 |     31 |      0 |      0 |      0 |   1 |   31.0 |
       Dungeon |     31 |     31 |      0 |      0 |      0 |   1 |   31.0 |
               +--------+--------+--------+--------+--------+-----+--------+

Top non-repeatable levels by time:
     D:1: 31 daAuts
